 Dungeon Crawl Stone Soup version 0.26-a0-648-g87339cca5e (webtiles) character file.

Game seed: 10122925421927700506

14 Wolly the Skirmisher (level 2, -7/24 HPs)
             Began as a Demonspawn Chaos Knight on Sept 25, 2020.
             Was a Plaything of Xom.
             Mangled by a guardian serpent (shapeshifter) (18 damage)
             ... on level 1 of the Dungeon.
             The game lasted 00:01:36 (533 turns).

Wolly the Skirmisher (Demonspawn Chaos Knight)       Turns: 533, Time: 00:01:37

Health: -7/24      AC: 10    Str: 12    XL:     2   Next: 27%
Magic:  2/2        EV: 11    Int: 13    God:    Xom [..*...]
Gold:   42         SH:  0    Dex: 12    Spells: 1/1 levels left

rFire    . . .     SeeInvis .   a - +0 hand axe (chaos)
rCold    . . .     Faith    .   (no shield)
rNeg     . . .     Spirit   .   b - +2 leather armour
rPois    .         Reflect  .   (no helmet)
rElec    .         Harm     .   h - +0 cloak
rCorr    .         Rampage  .   (no gloves)
MR       .....                  (no boots)
Stlth    +.........             k - amulet of inaccuracy (curse)
HPRegen  0.08/turn              i - +4 ring of protection
MPRegen  0.08/turn              (no ring)

@: flying
A: powered by death 1
a: Renounce Religion


You were on level 1 of the Dungeon.
You worshipped Xom.
You were a toy of Xom.
You visited 1 branch of the dungeon, and saw 1 of its levels.

You collected 42 gold pieces.

Inventory:

Hand Weapons
 a - a +0 hand axe of chaos (weapon)
Armour
 b - a +2 leather armour (worn)
 d - a +0 plate armour
   (You found it on level 1 of the Dungeon)
 h - a +0 cloak (worn)
   (You found it on level 1 of the Dungeon)
Jewellery
 i - a +4 ring of protection (left hand)
   (You found it on level 1 of the Dungeon)
 k - a cursed amulet of inaccuracy (around neck)
   (You found it on level 1 of the Dungeon)
Scrolls
 c - a scroll of fog {unknown}
 e - a scroll of identify {unknown}
 j - 3 scrolls of random uselessness {unknown}
Potions
 f - a potion of flight
 g - a potion of curing {@q1}


   Skills:
 + Level 3.2 Fighting
 * Level 3.2 Axes
 - Level 1.7 Armour
 - Level 0.8 Dodging


You had one spell level left.
You didn't know any spells.
Your spell library was empty.

Dungeon Overview and Level Annotations

Branches:
Dungeon (1/15)

Altars:


Innate Abilities, Weirdness & Mutations

You regenerate a little health from kills.


Message History

A leopard gecko comes into view.
The leopard gecko hisses angrily.
Found 25 gold pieces and a glowing silver amulet.
A leopard gecko is nearby!
The leopard gecko closely misses you.
You barely miss the leopard gecko.
The leopard gecko bites you but does no damage.
You closely miss the leopard gecko. The leopard gecko barely misses you. x2
You barely miss the leopard gecko.
The leopard gecko bites you but does no damage.
You miss the leopard gecko. The leopard gecko bites you.
The leopard gecko barely misses you.
You barely miss the leopard gecko. The leopard gecko misses you.
You hit the leopard gecko.
You kill the leopard gecko!
No target in view!
You now have 34 gold pieces (gained 17).
You see here a leopard gecko corpse.
You now have 42 gold pieces (gained 8).
k - a glowing silver amulet You start putting on your amulet.
You continue putting on your glowing silver amulet. x5
You finish putting on your cursed amulet of inaccuracy.
Oops, that amulet feels deathly cold.
k - a cursed amulet of inaccuracy (around neck)
i - a +4 ring of protection (left hand)
There is a stone staircase leading down here.
You see here a +0 dagger.
There is an open door here.
An ooze comes into view.
The helpless ooze fails to defend itself.
You hit the ooze but do no damage. The ooze barely misses you.
The ooze hits you but does no damage.
You closely miss the ooze. The ooze hits you.
You hit the ooze.
The ooze changes into a shapeshifter!
Xom thinks this is hilarious!
The shapeshifter changes into a guardian serpent!
The guardian serpent hits you!
Unknown command.
You aren't carrying any items that you can evoke.
It was a potion of flight.
You feel very buoyant.
You fly up into the air.
The guardian serpent hits you!
* * * LOW HITPOINT WARNING * * *
It was a potion of curing.
You feel better.
Xom thinks this is hilarious!
The guardian serpent hits you!!
Ouch! That really hurt!
You die...
Xom chortles!

#.....#
#####.....#
###...#
#...'.....+ #
#...# #.###.....#
# #...#
#.#.#.....# #...#
#.#.......# ##..#
#.#.####.##
####..###.#....#.#
.....>.)..####.#.#
# .##########
#.#@###.# .#
#.#.S...# .#
#.####### .####
#.# ^...# #.#
###.# #.#
#.##########.#
#....#.......#
####.#.#######


You could see a guardian serpent shaped shifter.

Vanquished Creatures
  2 leopard geckos (D:1)
  A giant cockroach (D:1)
  A goblin (D:1)
  2 hobgoblins (D:1)
  A kobold (D:1)
  A bat (D:1)
  A frilled lizard (D:1)
  2 rats (D:1)
11 creatures vanquished.

Notes
Turn   | Place    | Note
-------+----------+-------------------------------------------
     0 | D:1      | Wolly the Demonspawn Chaos Knight began the quest for the
                  | Orb.
     0 | D:1      | Reached XP level 1. HP: 18/18 MP: 1/1
   199 | D:1      | XOM: cloud trail
   218 | D:1      | XOM: silly message
   360 | D:1      | Gained mutation: You regenerate a little health from kills.
                  | [demonic ancestry]
   360 | D:1      | Reached XP level 2. HP: 24/24 MP: 2/2
   529 | D:1      | Noticed a shapeshifter
   529 | D:1      | an ooze changed into a shapeshifter
   529 | D:1      | Noticed a guardian serpent
   529 | D:1      | a shapeshifter changed into a guardian serpent
   533 | D:1      | Mangled by a guardian serpent (shapeshifter)

Illustrated notes

Levels and vault maps discovered:
D:1:      dpeg_arrival_more_subterranean_lakeside_camping, layout_basic,
          serial_bayou_pond_c

Skill      XL: |  1 |
---------------+----+-----
Axes           | 3 |  3.2
Fighting       | |  3.2
Armour         | |  1.7
Dodging        | |  0.8

Action                   || total
-------------------------++-------
Melee: Hand axe          ||    43
  Use: Potion            ||     2
 Stab: Sleeping          ||     1
Armor: Leather armour    ||    22
Dodge: Dodged            ||    21

Table legend: (Time is in decaauts)
 A = Elapsed time spent in this place.
 B = Non-inter-level travel time spent in this place.
 C = Inter-level travel time spent in this place.
 D = Time resting spent in this place.
 E = Time spent auto-exploring this place.
 F = Levels seen in this place.
 G = Mean time per level.
                   A        B        C        D        E       F      G
               +--------+--------+--------+--------+--------+-----+--------+
         Total |    539 |    539 |      0 |      0 |    397 |   1 |  539.0 |
       Dungeon |    539 |    539 |      0 |      0 |    397 |   1 |  539.0 |
               +--------+--------+--------+--------+--------+-----+--------+

Top non-repeatable levels by time:
     D:1: 539 daAuts
